AoeStats
← Dovahkiin

Yucatan

510592691Analyzed
3v3 RM · 21h ago on Oct 1, 2026· 31m 44s· 6 players
Game mode
Random Map
Map size
Normal (6 player)
Population
200
Speed
Normal
Resources
Standard
Victory
Conquest
Starting age
Dark Age
Ending age
Imperial Age
RankedLock teamsTeams togetherTeam positionsShared explorationLock speedFull tech treeHidden civsTurbo modeCheats
Victory
Defeat
🇩🇪 Persians · Germany
1057
+12
🇳🇱 Hindustanis · Netherlands
1046
+13
🇹🇷 Armenians · Türkiye
976
+16
🇩🇪 Spanish · Germany
1006
-15
🇩🇪 Saxons · Germany
1003
-15
🇩🇪 Britons · Germany
916
-11
[doGs] Charlie the Bird.
5:30 Loom
6:21 Loom
12:58 Feudal Age
19:36 Castle Age
17:46 Stone Mining
20:49 Fletching
[doGs] Luk&Trug.
10:20 Feudal Age
11:15 Double-Bit Axe
11:23 Loom
13:22 Gold Mining
14:55 Fletching
17:43 Castle Age
16:30 Padded Archer Armor
18:36 Forging
21:23 Pikeman
[doGs] Walkuski.
0:49 Loom
11:28 Feudal Age
17:08 Castle Age
15:10 Gold Mining
20:25 Wheelbarrow
21:27 Hand Cart
28:39 Town Watch
31:49 Ballistics
[AoS] jOhNChiLLy
4:12 Loom
11:18 Feudal Age
16:12 Castle Age
14:40 Double-Bit Axe
15:33 Forging
16:32 Scale Barding Armor
19:49 Horse Collar
27:29 Fletching
27:25 Horse Collar
29:12 Padded Archer Armor
29:31 Bow Saw
29:15 Elite Skirmisher
32:36 Leather Archer Armor
Dovahkiin
8:47 Loom
10:55 Feudal Age
11:27 Man-at-Arms
11:52 Arson
14:03 Scale Mail Armor
14:17 Forging
14:28 Long Swordsman
17:28 Double-Bit Axe
17:25 Horse Collar
25:50 Castle Age
27:30 Two-Handed Swordsman
28:10 Squires
27:56 Gambesons
28:41 Bow Saw
28:22 Gold Mining
30:15 Heavy Plow
30:18 Stone Mining
[AoS] SenolMurat
5:02 Loom
9:27 Feudal Age
13:00 Scale Barding Armor
12:43 Double-Bit Axe
16:02 Forging
20:31 Castle Age
21:17 Wheelbarrow
20:57 Bloodlines
23:45 Chain Barding Armor
23:50 Bow Saw
23:23 Horse Collar
31:07 Heavy Plow
Connection lost

Rejoining the realm…

Still unreachable

The connection could not be restored.

Session expired

The server has moved on; the page needs a fresh start.